 Dungeon Crawl Stone Soup version 0.31-a0-986-g5e6e4ef867 (webtiles) character file.

Game seed: 17622167775608410909

344904 Zonian the Sorcerer (level 21, -2/122 HPs)
             Began as a Deep Elf Conjurer on Nov 14, 2023.
             Was a High Priest of Ashenzari.
             Slain by a tentacled monstrosity (5 damage)
             ... while paralysed by a sphinx
             ... on level 5 of the Vaults on Nov 19, 2023.
             The game lasted 09:23:03 (99774 turns).

Zonian the Sorcerer (Deep Elf Conjurer)            Turns: 99774, Time: 09:23:04

Health: -2/122     AC: 12    Str:  6    XL:     21   Next: 16%
Magic:  58/60      EV: -1    Int: 37    God:    Ashenzari [*****.]
Gold:   1464       SH:  0    Dex: 16    Spells: 3/68 levels left

rFire   x . .        W - +11 Screaming Sword {sonic wave}
rCold   + + +        n - +3 buckler "Share My Oracle" {rF+, Range, Melee} (curse)
rNeg    + . .        C - +3 leather armour "Ruined Together" {rC+, Cun, Comp} (curse)
rPois   +            b - +2 helmet of Desmomancy {SInv, Comp, Fort} (curse)
rElec   +            j - scarf "Shattered With Me" {repulsion, Cun, Range} (curse)
rCorr   .            R - +0 pair of gloves "Lethargy of Ashenzari" {Alch, Melee} (curse)
SInv    +            A - +0 pair of boots of Ashenzari's Affliction {rElec rC+, Bglg, Range} (curse)
Will    ++...        e - amulet of the Lashed Agnosticism {Reflect SH+5, Self, Range} (curse)
Stlth   +++++        L - ring of Cremastomancy {rF- rN+ MP+9 Int+4, Melee, Bglg} (curse)
HPRegen 0.40/turn    V - ring "Dolien" {Ice rPois Dex+3 Slay+6}
MPRegen 0.37/turn

%: repel missiles, reflection, clarity
@: paralysed, hasted, constricted, studying 2 skills, invisible
A: no striking features
}: 2/15 runes: barnacled, gossamer
a: Renounce Religion, Curse Item, Shatter the Chains


You were on level 5 of the Vaults.
You worshipped Ashenzari.
Ashenzari was extremely pleased with you.
You visited 7 branches of the dungeon, and saw 38 of its levels.
You visited 1 bazaar.
You also visited: Bailey and Gauntlet.

You collected 4969 gold pieces.
You spent 3505 gold pieces at shops.


   Skills:
 + Level 8.0(10.2) Fighting
 - Level 5.9(11.9) Short Blades
 + Level 9.6(14.1) Long Blades
 - Level 2.5(4.2) Armour
 + Level 15.9(18.9) Dodging
 - Level 10.4(13.6) Stealth
 - Level 3.1(5.0) Shields
 + Level 22.3(24.1) Spellcasting
 - Level 12.9(16.0) Conjurations
 - Level 14.6(17.7) Hexes
 + Level 4.6(7.6) Summonings
 - Level 8.9(12.1) Necromancy
 - Level 10.3(13.5) Translocations
 + Level 1.0(2.2) Transmutations
 - Level 6.3 Fire Magic
 - Level 9.6 Ice Magic
 - Level 11.1 Air Magic
 + Level 12.7 Earth Magic
 - Level 8.9(11.1) Poison Magic
 - Level 6.0 Evocations


You had 3 spell levels left.
You knew the following spells:

 Your Spells              Type           Power      Damage    Failure   Level
a - Magic Dart            Conj           100%       1d8       0%          1
b - Searing Ray           Conj           100%       2d8       0%          2
c - Dazzling Flash        Conj/Hex       100%       N/A       0%          3
d - Mephitic Cloud        Conj/Pois/Air  95%        N/A       1%          3
e - Iskenderun's Mystic   Conj/Tloc      100%       2d19      1%          4
f - Swiftness             Air            91%        N/A       1%          3
g - Ensorcelled Hibernat  Hex/Ice        100%       N/A       0%          2
h - Fulminant Prism       Conj/Hex       53%        3d22      0%          4
i - Summon Lightning Spi  Summ/Air       85%        N/A       1%          4
j - Irradiate             Conj/Tmut      42%        3d25      1%          5
k - Ozocubu's Armour      Ice            100%       N/A       1%          3
l - Metabolic Englaciati  Hex/Ice        60%        N/A       1%          5
m - Frozen Ramparts       Ice            100%       1d16      1%          3
n - Airstrike             Air            45%        2d(7-23)  1%          4
o - Hailstorm             Conj/Ice       100%       3d20      1%          3
p - Freezing Cloud        Conj/Ice/Air   58%        6-21      1%          5
q - Bombard               Conj/Erth      50%        9d8       1%          6
r - Lee's Rapid Deconstr  Erth           47%        3d23*     1%          5

Your spell library contained the following spells:

 Spells                   Type           Power      Damage    Failure   Level
 Kiss of Death            Conj/Necr      100%       2d13      0%          1
 Sandblast                Erth           100%       2d20      0%          1
 Shock                    Conj/Air       100%       1d9       0%          1
 Static Discharge         Conj/Air       100%       3-8/arc   0%          2
 Sublimation of Blood     Necr           94%        N/A       0%          2
 Stone Arrow              Conj/Erth      100%       3d13      0%          3
 Tukima's Dance           Hex            100%       N/A       0%          3
 Freeze                   Ice            100%       1d10      1%          1
 Call Imp                 Summ           100%       N/A       1%          2
 Cigotuvi's Dreadful Rot  Necr/Pois/Air  100%       N/A       1%          2
 Passwall                 Tmut/Erth      65%        N/A       1%          2
 Ignite Poison            Fire/Tmut/Pois 75%        N/A       1%          3
 Animate Armour           Summ/Erth      100%       N/A       1%          4
 Brom's Barrelling Bould  Conj/Erth      100%       2d11      1%          4
 Dimensional Bullseye     Hex/Tloc       51%        N/A       1%          4
 Dispel Undead            Necr           94%        3d30      1%          4
 Leda's Liquefaction      Hex/Erth       51%        N/A       1%          4
 Passage of Golubria      Tloc           98%        N/A       1%          4
 Petrify                  Tmut/Erth      79%        N/A       1%          4
 Silence                  Hex/Air        50%        N/A       1%          5
 Summon Forest            Summ/Tloc      44%        N/A       1%          5
 Death Channel            Necr           47%        N/A       1%          6
 Simulacrum               Ice/Necr       56%        N/A       2%          6
 Eringya's Noxious Bog    Tmut/Pois      38%        4d6       12%         6
 Lehudib's Crystal Spear  Conj/Erth      50%        10d12     22%         8
 Summon Hydra             Summ           39%        N/A       43%         7

Inventory:

Hand Weapons
 K - a +6 short sword of freezing {short}
   (You took it off a wight on level 7 of the Dungeon)
 Q - the +10 long sword of Fury {flame, Str+3 Dex+3 SInv Stlth+, long}
   (You took it off a merfolk impaler on level 4 of the Shoals)

   Str+3:     It affects your strength (+3).
   Dex+3:     It affects your dexterity (+3).
   SInv:      It lets you see invisible.
   Stlth+:    It makes you more stealthy.
 W - the +11 Screaming Sword (weapon) {sonic wave}
   (You bought it in a shop on level 2 of the Orcish Mines)
Missiles
 i - 35 poisoned darts {throwing}
 m - 3 curare-tipped darts {=fthrowing}
 r - 13 throwing nets {=f!fthrowing}
 H - 13 silver javelins {throwing}
Armour
 b - the cursed +2 helmet of Desmomancy (worn) {SInv, Comp, Fort}
   (You found it on level 2 of the Dungeon)

   It has a curse which improves the following skills: Companions: Summonings
   and Necromancy.
   Fortitude: Armour and Shields.
 j - the cursed scarf "Shattered With Me" (worn) {repulsion, Cun, Range}
   (You found it on level 5 of the Dungeon)

   It has a curse which improves the following skills: Cunning: Dodging and
   Stealth.
   Ranged Combat: Ranged Weapons and Throwing.
 n - the cursed +3 buckler "Share My Oracle" (worn) {rF+, Range, Melee}
   (You took it off a gnoll sergeant on level 9 of the Dungeon)

   It has a curse which improves the following skills: Ranged Combat: Ranged
   Weapons and Throwing.
   Melee Combat: Short Blades, Long Blades, Axes, Maces & Flails, Polearms,
   Staves and Unarmed Combat.
 A - the cursed +0 pair of boots of Ashenzari's Affliction (worn) {rElec rC+, Bglg, Range}
   (You found it on level 14 of the Dungeon)

   rC+:       It protects you from cold.
   rElec:     It insulates you from electricity.
   It has a curse which improves the following skills: Beguiling: Conjurations,
   Hexes and Translocations.
   Ranged Combat: Ranged Weapons and Throwing.
 C - the cursed +3 leather armour "Ruined Together" (worn) {rC+, Cun, Comp}
   (You found it on level 5 of the Dungeon)

   It has a curse which improves the following skills: Cunning: Dodging and
   Stealth.
   Companions: Summonings and Necromancy.
 R - the cursed +0 pair of gloves "Lethargy of Ashenzari" (worn) {Alch, Melee}
   (You found it on level 4 of the Lair of Beasts)

   It has a curse which improves the following skills: Alchemy: Poison Magic and
   Transmutations.
   Melee Combat: Short Blades, Long Blades, Axes, Maces & Flails, Polearms,
   Staves and Unarmed Combat.
Magical Staves
 v - a staff of conjuration {!a@e2staff}
   (You found it on level 4 of the Shoals)
 F - a staff of fire {!astaff}
   (You found it on level 2 of the Vaults)
 N - the staff of Powerful Duty {rElec rC+ rCorr Int+2 Ice, !astaff}
   (You found it in a Gauntlet)

   [staff of cold]

   Base accuracy: +5 Base damage: 5 Base attack delay: 1.2 This weapon's minimum
   attack delay (0.6) is reached at skill level 12.
   Int+2:     It affects your intelligence (+2).
   rC+:       It protects you from cold.
   rElec:     It insulates you from electricity.
   rCorr:     It protects you from acid and corrosion.
   Ice:       It increases the power of your Ice spells.
   It falls into the 'Staves' category.
   It is a one-handed weapon.
Jewellery
 e - the cursed amulet of the Lashed Agnosticism (around neck) {Reflect SH+5, Self, Range}
   (You bought it in a shop on level 11 of the Dungeon)

   [amulet of reflection]

   Reflect:   It reflects blocked missile attacks.
   SH+5:      It affects your SH (+5).
   It has a curse which improves the following skills: Introspection: Fighting
   and Spellcasting.
   Ranged Combat: Ranged Weapons and Throwing.
 L - the cursed ring of Cremastomancy (left hand) {rF- rN+ MP+9 Int+4, Melee, Bglg}
   (You took it off an orc wizard on level 7 of the Dungeon)

   [ring of magical power]

   Int+4:     It affects your intelligence (+4).
   rF-:       It makes you vulnerable to fire.
   rN+:       It protects you from negative energy.
   MP+9:      It affects your magic capacity (+9).
   It has a curse which improves the following skills: Melee Combat: Short
   Blades, Long Blades, Axes, Maces & Flails, Polearms, Staves and Unarmed
   Combat.
   Beguiling: Conjurations, Hexes and Translocations.
 S - the ring "Onusiran" {Will+ rCorr Slay+3}
   (You found it on level 14 of the Dungeon)

   [ring of willpower]

   Slay+3:    It affects your accuracy & damage with ranged weapons and melee
   (+3).
   Will+:     It increases your willpower.
   rCorr:     It protects you from acid and corrosion.
 U - the ring of the Hare {EV+10}
   (You found it in a Gauntlet)

   [ring of evasion]

   EV+10:     It affects your evasion (+10).
 V - the ring "Dolien" (right hand) {Ice rPois Dex+3 Slay+6}
   (You took it off a deep elf high priest on level 3 of the Elven Halls)

   [ring of ice]

   Ice:       It enhances your ice magic.
   Dex+3:     It affects your dexterity (+3).
   Slay+6:    It affects your accuracy & damage with ranged weapons and melee
   (+6).
   rF-:       It makes you vulnerable to fire.
   rC+:       It protects you from cold.
   rPois:     It protects you from poison
Wands
 w - a wand of digging (5)
   (You found it on level 4 of the Dungeon)
 G - a wand of flame (65)
   (You found it on level 4 of the Lair of Beasts)
 I - a wand of iceblast (16)
   (You took it off a deep elf pyromancer on level 2 of the Elven Halls)
 X - a wand of quicksilver (5)
   (You took it off a deep elf pyromancer on level 3 of the Elven Halls)
Scrolls
 g - 4 scrolls of vulnerability {!r!r}
 p - 2 scrolls of butterflies
 u - 5 scrolls of fog
 y - 3 scrolls of poison {!r}
 E - 2 scrolls of revelation
 P - 12 scrolls of teleportation {@r4}
 T - 2 scrolls of blinking {!r}
 Z - 4 scrolls of silence {!r}
Potions
 a - a potion of resistance
 c - 9 potions of curing {@q1}
 d - 2 potions of invisibility
 f - 6 potions of haste {@q3}
 k - 3 potions of berserk rage {!q}
 l - 2 potions of cancellation
 o - 8 potions of brilliance
 q - 10 potions of ambrosia
 x - 2 potions of lignification {!q}
 B - 3 potions of enlightenment
 D - 5 potions of heal wounds {@q2}
Miscellaneous
 h - a phial of floods
   (You found it in a Gauntlet)
 s - a sack of spiders
   (You found it on level 4 of the Vaults)
 z - a condenser vane
   (You found it on level 4 of the Shoals)
 O - a phantom mirror
   (You found it in a Gauntlet)

Dungeon Overview and Level Annotations

Branches:
Dungeon (15/15) Zot: 23070  Temple (0/1) D:6            Lair (5/5) D:8 Zot: 15906
 Shoals (4/4) Lair:2 Zot: 11285  Spider (4/4) Lair:3 Zot: 9369   Slime (0/5) Lair:4
    Orc (2/2) D:12 Zot: 8672     Elf (3/3) Orc:2 Zot: 7317  Vaults (4/5) D:13 Zot: 17290
  Crypt (0/3) Vaults:2     Depths (0/4) D:15         Bailey (visited)
Gauntlet (visited)

Altars:
Ashenzari
Dithmenos
Fedhas
Kikubaaqudgha
Makhleb
Okawaru
Ru
Trog
Vehumet
Wu Jian
Xom
Yredelemnul
The Shining One

Shops:
D:6 !   D:8 !   D:11 =   D:12 !   Orc:2 (*:!   Elf:1 *   Elf:2 :   Shoals:4 :
Vaults:2 =:=   Vaults:3 [

Annotations:
D:3 1 runed translucent door, Crazy Yiuf
Spider:4 exclusion: ghost moth
Elf:2 3 runed translucent doors
Vaults:1 3 runed translucent doors, Ziugimmo's ghost, veteran AtMo

*,,*,,,,***,,,,,*,,,*,,*,
*,,*,,,,,***,,,,,*,,,,,,,
*,,*,,,,,,***{,,,*,,,*,,,
*,,*,,,,∆,,***,,,,*,,*,,*
*,,*,,,,,,,,***{,,*,,,,,*
*,,#**,,,,,,,***,,,*,,*,,
*,,#φ#**{,,,,,***,,*.,#.,
*,,#$?$###,,{,,***,.#...{
*,,#)$$X@###,,,,**#.#.m#.
*,,#....ppp###,,,##..#.#.
*,,#.##...Hp.###,....#...
*,,#..^.##.)...###....#.#
*,,#.......##....p##..#.#
*,,###.....p..##....##...
*,,*....##.......##..p.p.
*,,*........##......##.m.
*,,#..##......H.##..{{.##


You could see a tentacled monstrosity, a sphinx and 5 vault guards.


Message History

The vault guard hits you with a +1 long sword!
The vault guard hits you with a +0 great sword!
The vault guard hits you with a +3 war axe!
The vault guard hits you with a +0 battleaxe!!
* * * LOW HITPOINT WARNING * * *
The moth of wrath misses you.
There is a sealed passage leading up, summoned, spattered with blood here. 😨 HP[-71]
You take 71 damage, and now have 51/122 hp.
MASSIVE DAMAGE!! (PAUSE) Blink to where?
Press: ? - help, Dir - move target A merfolk comes into view.
As you read the scroll of blinking {!r}, it crumbles to dust. 😨 HP[+1]
You fade into invisibility!
A sphinx comes into view. 😨 HP[+1] 😨 HP[+1]
The moth of wrath changes into a merfolk!
An ettin comes into view.
It is wielding two +0 dire flails. 😨 HP[+1] Unknown command.
You feel yourself speed up. 😨 HP[+1]
A phantasmal warrior comes into view.
Unknown command. 😨 HP[+1]
The Singing Sword sighs.
Your +6 short sword of freezing {short} glows with a cold blue light!
K - a +6 short sword of freezing (weapon)
{short} The helpless ettin fails to defend itself.
You spit the ettin like a pig!!!! You freeze the ettin!!
You kill the ettin!
Unknown command.
Your +6 short sword of freezing {short} stops glowing.
The Singing Sword hums in delight!
W - the +11 Singing Sword (weapon)
{sonic wave} The sphinx shouts!
Unknown command.
A tentacled monstrosity comes into view.
The phantasmal warrior gestures at you.
The phantasmal warrior blinks! 😨 HP[+1]
The phantasmal warrior gestures at you.
The phantasmal warrior blinks!
The phantasmal warrior hits you!
* * * LOW HITPOINT WARNING * * *
You see here a wand of iceblast (4). 😨 HP[-11]
You take 11 damage, and now have 47/122 hp.
You slice the phantasmal warrior!! 😨 HP[+1] Unknown command.
You slice the phantasmal warrior!!
The Singing Sword hums tunelessly.
You send a blast of sound all around you.
You destroy the phantasmal warrior!
You hear a shout! x6; You hear two shouts!
You hear a shout! x6
Your base Transmutations skill increases to level 1!
Unknown command.
You feel much better. 😮 HP[+22]
You regained 22 hp, and now have 70/122 hp.
Unknown command.
Casting: Bombard (mildly dangerous; 1% risk of failure)
Confirm with . or Enter, or press ? or * to list all spells.
Okay, then.
Casting: Bombard (mildly dangerous; 1% risk of failure)
Confirm with . or Enter, or press ? or * to list all spells.
Aiming: Freezing Cloud (mildly dangerous; 1% risk of failure)
Press: ? - help, Dir - move target
Okay, then.
Casting: Freezing Cloud (mildly dangerous; 1% risk of failure)
Confirm with . or Enter, or press ? or * to list all spells.
Casting: Hailstorm (safe; 1% risk of failure)
Press: ? - help, Dir - look around, f - activate You feel a surge of power!
A cannonade of hail descends around you!
The hail pelts the tentacled monstrosity!!
The tentacled monstrosity partially resists.
The hail pelts the vault guard!!!
The sphinx casts a spell.
You suddenly lose the ability to move!
The tentacled monstrosity tentacle-slaps you.
The tentacled monstrosity tentacle-slaps you but does no damage. x2
The tentacled monstrosity grabs you.
The tentacled monstrosity constricts you.
The vault guard hits you with a +0 great sword!!
* * * LOW HITPOINT WARNING * * *
The tentacled monstrosity completely misses you.
The tentacled monstrosity tentacle-slaps you!
* * * LOW HITPOINT WARNING * * *
The tentacled monstrosity tentacle-slaps you but does no damage.
The tentacled monstrosity constricts you!
* * * LOW HITPOINT WARNING * * *
The tentacled monstrosity tentacle-slaps you!
* * * LOW HITPOINT WARNING * * *
The tentacled monstrosity tentacle-slaps you.
You die...

Skill      XL: |  1  2  3  4  5  6  7  8  9 10 11 12 13 14 15 16 17 18 19 20 21 |
---------------+----------------------------------------------------------------+-----
Stealth        | 3 4 5 6 7 8 9 10 | 10.4
Dodging        | 3 4 5 7 8 9 10 11 15 | 15.9
Hexes          | 1 2 3 4 5 6 7 9 10 11 12 13 14 | 14.6
Spellcasting   | 4 5 6 7 8 9 10 12 13 14 15 17 20 22 | 22.3
Conjurations   | 5 6 7 8 9 10 11 12 | 12.9
Poison Magic   | 1 2 3 4 5 6 7 8 |  8.9
Air Magic      | 1 2 3 4 5 6 7 8 9 10 11 | 11.1
Translocations | 1 3 4 6 7 8 9 10 | 10.3
Short Blades   | 2 4 5 |  5.9
Ice Magic      | 1 3 5 6 8 9 |  9.6
Summonings     | 1 3 4 |  4.6
Fighting       | 2 3 5 6 7 8 |  8.0
Evocations     | 3 4 6 |  6.0
Shields        | 2 3 |  3.1
Long Blades    | 2 4 7 9 |  9.6
Armour         | 2 |  2.5
Earth Magic    | 3 9 12 | 12.7
Fire Magic     | 5 6 |  6.3
Necromancy     | 4 8 |  8.9
Transmutations | 1 |  1.0

Action                     |  1- 3 |  4- 6 |  7- 9 | 10-12 | 13-15 | 16-18 | 19-21 || total
---------------------------+-------+-------+-------+-------+-------+-------+-------++-------
  Melee: Short sword       |     6 |     2 |    32 |   215 |   778 |   178 |    61 ||  1272
         Whip              |       |       |     2 |       |       |       |       ||     2
         Punch             |       |       |       |     4 |     1 |       |       ||     5
         Demon blade       |       |       |       |       |    17 |    10 |       ||    27
         Dagger            |       |       |       |       |    16 |       |       ||    16
         Hand axe          |       |       |       |       |     8 |       |       ||     8
         Staff             |       |       |       |       |     1 |    12 |    20 ||    33
         Double sword      |       |       |       |       |       |   146 |    50 ||   196
         Long sword        |       |       |       |       |       |    36 |    93 ||   129
  Throw: Dart              |       |       |       |     4 |    10 |     6 |       ||    20
         Boomerang         |       |       |       |       |     2 |     4 |       ||     6
         Javelin           |       |       |       |       |       |    13 |       ||    13
         Throwing net      |       |       |       |       |       |     1 |       ||     1
   Cast: Magic Dart        |    90 |    92 |   127 |   186 |   359 |   205 |   110 ||  1169
         Searing Ray       |     1 |     8 |    55 |    54 |    82 |    84 |    13 ||   297
         Dazzling Flash    |       |       |     3 |     2 |     8 |     3 |       ||    16
         Swiftness         |       |       |     1 |       |       |     1 |       ||     2
         Iskenderun's Myst |       |       |       |    43 |   168 |   215 |   122 ||   548
         Mephitic Cloud    |       |       |       |    23 |    73 |    36 |    20 ||   152
         Ensorcelled Hiber |       |       |       |    24 |    23 |    25 |       ||    72
         Fulminant Prism   |       |       |       |     4 |    28 |    85 |    14 ||   131
         Summon Lightning  |       |       |       |     7 |    43 |    32 |     6 ||    88
         Passage of Golubr |       |       |       |       |     3 |       |     7 ||    10
         Metabolic Englaci |       |       |       |       |    19 |    48 |     8 ||    75
         Ozocubu's Armour  |       |       |       |       |    19 |    16 |     3 ||    38
         Frozen Ramparts   |       |       |       |       |    17 |    41 |     7 ||    65
         Airstrike         |       |       |       |       |       |   404 |   145 ||   549
         Hailstorm         |       |       |       |       |       |    37 |    53 ||    90
         Freezing Cloud    |       |       |       |       |       |    12 |    74 ||    86
         Bombard           |       |       |       |       |       |       |    73 ||    73
         Lee's Rapid Decon |       |       |       |       |       |       |     6 ||     6
         Irradiate         |       |       |       |       |       |       |     2 ||     2
 Invoke: Curse Item        |       |       |     3 |     3 |     3 |     1 |       ||    10
         Shatter the Chain |       |       |       |       |     2 |       |       ||     2
  Evoke: Wand              |       |       |    10 |    28 |    43 |    29 |     2 ||   112
         Phantom mirror    |       |       |       |       |     1 |     1 |       ||     2
         Phial of floods   |       |       |       |       |     1 |       |       ||     1
         Condenser vane    |       |       |       |       |       |       |     1 ||     1
    Use: Scroll            |       |    10 |     5 |     2 |    14 |    10 |     7 ||    48
         Potion            |       |     1 |     3 |     6 |     8 |    15 |     6 ||    39
   Stab: Sleeping          |       |     1 |     4 |    22 |    24 |    17 |    23 ||    91
         Confused          |       |       |       |     6 |    15 |    12 |       ||    33
         Distracted        |       |       |       |     1 |     1 |     4 |     3 ||     9
         Invisible         |       |       |       |       |       |     2 |       ||     2
 Armour: Robe              |     9 |    11 |       |       |       |       |       ||    20
         Leather armour    |       |       |    88 |   168 |   422 |   419 |   147 ||  1244
         Skin              |       |       |       |       |     8 |       |       ||     8
  Dodge: Dodged            |     6 |     5 |   123 |   241 |   367 |   419 |   161 ||  1322
         Repelled          |       |       |       |     2 |     7 |    20 |     6 ||    35
  Block: Buckler           |       |       |       |       |   458 |   386 |   176 ||  1020
         Reflection        |       |       |       |       |    53 |    80 |    36 ||   169

Levels and vault maps discovered:
D:1:      kennysheep_arrival_forest, layout_basic, minmay_liquid_box,
          minmay_gold_behind_fungi
D:2:      layout_loops_cross, minmay_misc_feat_roman, amethyst_killhole
D:3:      layout_loops_corners, nzn_wu_jian_council_hall,
          uniq_crazy_yiuf_cottage
D:4:      layout_gridville, lemuel_zombie_altar_kikubaaqudgha,
          mainiacjoe_overflow_divided_tiny, uniq_eustachio, uniq_robin
D:5:      cheibrodos_fzero, layout_cave_pools,
          mainiacjoe_overflow_six_doors_small
D:6:      layout_loops_ring, makhleb_blood_cavern_becter,
          mainiacjoe_overflow_catwalk, nicolae_ru_awakened_eye,
          minmay_temple_entry_fiery, serial_shops, shop,
          amcnicky_mini_rare_corridor_liquid, nicolae_titane
D:7:      minmay_the_grid_triangle_9x9_rhombus_thin
          [minmay_the_grid_triangle_9x9_corruption,
          minmay_the_grid_triangle_9x9_prize_special,
          minmay_the_grid_triangle_9x9_checkered,
          minmay_the_grid_triangle_9x9_subtriangle], layout_cave_pods,
          mainiacjoe_overflow_surrounded_room, grunt_ministairs_1,
          water_maze_lemuel
D:8:      layout_rooms, dk_xom_monty_hall, hellmonk_lair_entry_icy,
          serial_shops, shop
D:9:      layout_irregular_city, nicolae_yredelemnul_corpse_copse,
          enter_bailey_1, uniq_erica
D:10:     layout_cave_pools, marbit_many_paths, vehumet_crystals, special_room
          [special_room_bee], serial_rivers, chequers_serial_rivers_small_b,
          chequers_serial_rivers_micro_a, chequers_serial_rivers_small_b,
          chequers_serial_rivers_micro_e, minmay_misc_feat_more_columns,
          uniq_sonja
D:11:     layout_basic, serial_shops, shop, uniq_josephine, uniq_lodul
D:12:     layout_cave_pods, orc_0_dummy, serial_shops, shop, uniq_psyche,
          uniq_jorgrun, uniq_gastronok
D:13:     layout_basic, david_vaults_1, serial_bayou_lake_a
D:14:     gammafunk_worm_tunnel, layout_irregular_city, gauntlet_entry_generic,
          uniq_agnes
D:15:     grunt_enter_depths_snipers, layout_irregular_city,
          roderic_serpentine_path, serial_column_ruins, column_ruins_hut,
          column_ruins_open_small, column_ruins_columns_straight,
          column_ruins_open_small, column_ruins_grid_1
Lair:1:   layout_long_grid, serial_bayou, serial_bayou_shore_a,
          serial_bayou_pond_e, serial_bayou_shore_b, serial_bayou_pond_e,
          chequers_serial_rivers_micro_e, grunt_megastairs_2, uniq_amaemon
Lair:2:   layout_gridlike, mainiacjoe_shoals_entry_four_pools,
          lemuel_oklob_altar, serial_bayou_shore_b
Lair:3:   layout_regular_city, nicolae_spider_entry_non_spiders, minivault_27
Lair:4:   layout_gridlike, minmay_slime_entry_jelly_boxes,
          nicolae_volcano_entry_batcave, minivault_24
Lair:5:   hangedman_lair_tendril_chambers, layout_gridlike,
          guppyfry_lair_end_dragon, minivault_24, pdpol_lair_neglected_garden
Shoals:1: layout_shoals, nicolae_shoals_gull_way, uniq_nikola
Shoals:2: layout_shoals, portal_ice_cave_entry_ice_statue_two
Shoals:3: layout_shoals, nicolae_shoals_beach_cooler, uniq_polyphemus,
          uniq_bai_suzhen, uniq_ilsuiw
Shoals:4: shoals_end_grunt_garden, layout_shoals, serial_shops,
          nicolae_book_shop_shelving
Spider:1: layout_chambers, nicolae_spider_nooks_and_crannies
Spider:2: layout_chambers, hangedman_spider_tarantella_strand
Spider:3: layout_spider_delve, nicolae_spider_paper_wasps
Spider:4: johnstein_spider_rune_arachne_lair
Orc:1:    layout_diamond_mine, uniq_urug
Orc:2:    st_orc_rangers, layout_caves, serial_shops, bzr_entry_customers
Elf:1:    layout_gridlike, serial_shops, nicolae_shop_advertising_works
          [nicolae_subvault_shop_adworks], hangedman_elf_disciples,
          lemuel_flamethrower_3, grunt_megastairs_5
Elf:2:    elven_hall_of_blades_hangedman_original [nooodl_blade_entry_preview],
          layout_loops_cross, serial_shops, shop
Elf:3:    minmay_elf_hall_curves, layout_onion_city, hangedman_elven_ridges
Vaults:1: gammafunk_ghost_spectres, nicolae_vaults_lightning_bolt,
          nicolae_vaults_swerve, vaults_room_fancy_cross,
          nicolae_vaults_diagonal_hallway_6, hangedman_vaults_unwind,
          grunt_vaults_hallway_short, vaults_mumra_hex, nicolae_vaults_asterisk,
          nicolae_vaults_network_square, hangedman_vaults_corner_blocks,
          nicolae_vaults_heart-shaped_vault, vaults_dpeg_emergency_exit,
          nicolae_vaults_little_squares_2, layout_vaults_omnicross
Vaults:2: advil_vaults_ghost_lines, v_misc_28, v_alt_pattern_5,
          hangedman_vaults_stagger, nicolae_vaults_quadrants,
          nicolae_vaults_tetromino_Z_2, hangedman_vaults_snaps,
          nicolae_vaults_asterisk, blue_anna_dwarven_crypt,
          nicolae_vaults_network_s, v_misc_1, layout_vaults_ring, serial_shops,
          shop, shop, shop
Vaults:3: v_misc_3, hellmonk_guarded_unrand_gong, nicolae_vaults_trapezoid_1,
          nicolae_vaults_diagonal_hallway_9, nicolae_vaults_closet_pinwheel_2,
          ontoclasm_vaults_chip, layout_vaults_quadrants, serial_shops,
          nicolae_diamond_shop
Vaults:4: nicolae_vaults_diamond_2, v_misc_29,
          nicolae_vaults_stairing_the_circle, hangedman_vaults_stream,
          minmay_guarded_unrand_sword_of_power, grunt_vaults_bifocal, v_misc_31,
          v_misc_30, nicolae_vaults_little_squares_4,
          hangedman_vaults_variations, ontoclasm_vaults_gateway,
          nicolae_vaults_apartment_2, layout_vaults_maze_bifur, uniq_margery
Vaults:5: serial_shops, uniq_sojobo

Notes
Turn   | Place    | Note
-------+----------+-------------------------------------------
     0 | D:1      | Zonian the Deep Elf Conjurer began the quest for the Orb.
     0 | D:1      | Reached XP level 1. HP: 10/10 MP: 6/6
     0 | D:1      | magus.rc [v1.9.6]
   148 | D:1      | Reached XP level 2. HP: 15/15 MP: 5/8
   394 | D:1      | Reached skill level 3 in Stealth
   613 | D:1      | Learned a level 2 spell: Searing Ray
   664 | D:1      | Reached skill level 3 in Dodging
   664 | D:1      | Reached XP level 3. HP: 19/19 MP: 8/10
   847 | D:1      | You pick up a book of Winter and begin reading...
   847 | D:1      | You add the spells Ozocubu's Armour, Metabolic Englaciation
                  | and Simulacrum to your library.
   887 | D:1      | Learned a level 3 spell: Dazzling Flash
  1346 | D:2      | Identified the +1 hand axe of False Accusations {antimagic,
                  | rPois rF- rCorr SInv}
  1455 | D:2      | Reached skill level 1 in Hexes
  1455 | D:2      | Reached XP level 4. HP: 12/24 MP: 2/11
  1457 | D:2      | HP: 3/24 [gnoll/+0 whip (4)]
  1459 | D:2      | Reached skill level 4 in Spellcasting
  1832 | D:2      | Reached skill level 5 in Conjurations
  2203 | D:3      | Found an ornate altar of the Wu Jian Council.
  2346 | D:3      | You pick up a book of Minor Magic and begin reading...
  2346 | D:3      | You add the spells Call Imp and Mephitic Cloud to your
                  | library.
  2355 | D:3      | Learned a level 3 spell: Mephitic Cloud
  2480 | D:3      | You pick up a book of the Moon and begin reading...
  2480 | D:3      | You add the spells Passage of Golubria, Silence and
                  | Lehudib's Crystal Spear to your library.
  2700 | D:3      | You pick up a book of Alchemy and begin reading...
  2700 | D:3      | You add the spells Sublimation of Blood, Petrify and
                  | Irradiate to your library.
  2813 | D:3      | Found a runed translucent door.
  2814 | D:3      | Noticed Crazy Yiuf
  2992 | D:3      | Reached XP level 5. HP: 28/28 MP: 8/13
  2998 | D:3      | Reached skill level 4 in Stealth
  2998 | D:3      | Reached skill level 2 in Hexes
  3746 | D:4      | Reached skill level 1 in Poison Magic
  3753 | D:4      | Noticed Eustachio
  3767 | D:4      | Killed Eustachio
  3768 | D:4      | Reached skill level 4 in Dodging
  3768 | D:4      | Reached skill level 1 in Air Magic
  3768 | D:4      | Reached XP level 6. HP: 25/32 MP: 4/15
  3979 | D:4      | Noticed Robin
  4136 | D:4      | Killed Robin
  4635 | D:4      | Found a blossoming altar of Fedhas.
  4636 | D:4      | Found a broken altar of Ashenzari.
  4700 | D:4      | Reached skill level 2 in Poison Magic
  4893 | D:4      | Found an ancient bone altar of Kikubaaqudgha.
  5343 | D:4      | Became a worshipper of Ashenzari the Shackled
  5369 | D:5      | Entered Level 5 of the Dungeon
  5403 | D:5      | Reached skill level 5 in Spellcasting
  5403 | D:5      | Reached skill level 3 in Hexes
  5403 | D:5      | Reached XP level 7. HP: 36/36 MP: 10/16
  5532 | D:5      | Found a glowing golden altar of the Shining One.
  5591 | D:5      | Reached skill level 2 in Air Magic
  5619 | D:5      | Reached skill level 5 in Stealth
  6100 | D:5      | Reached skill level 5 in Dodging
  6100 | D:5      | Reached skill level 4 in Hexes
  6100 | D:5      | Reached skill level 3 in Poison Magic
  6105 | D:5      | Reached skill level 6 in Conjurations
  6105 | D:5      | Reached XP level 8. HP: 41/41 MP: 1/18
  6715 | D:5      | Reached skill level 6 in Spellcasting
  6715 | D:5      | Reached skill level 3 in Air Magic
  6832 | D:5      | Noticed a hornet
  6915 | D:5      | Learned a level 4 spell: Iskenderun's Mystic Blast
  7088 | D:6      | Identified the of Kahakk
  7103 | D:6      | Found an iron altar of Okawaru.
  7123 | D:6      | Reached skill level 6 in Stealth
  7329 | D:6      | Found a sacrificial altar of Ru.
  7472 | D:6      | Reached skill level 5 in Hexes
  7552 | D:6      | Reached * piety under Ashenzari
  7569 | D:6      | Reached skill level 1 in Translocations
  7617 | D:6      | Reached skill level 4 in Poison Magic
  7785 | D:6      | Found a burning altar of Makhleb.
  7933 | D:6      | Found Niots's Distillery.
  7941 | D:6      | Bought a potion of heal wounds for 65 gold pieces
  7941 | D:6      | Bought a potion of heal wounds for 65 gold pieces
  7941 | D:6      | Bought a potion of curing for 39 gold pieces
  8316 | D:6      | Found a staircase to the Ecumenical Temple.
  8421 | D:6      | Reached XP level 9. HP: 32/45 MP: 15/21
  8423 | D:6      | Reached skill level 6 in Dodging
  8925 | D:7      | You pick up a book of Burglary and begin reading...
  8925 | D:7      | You add the spells Passwall, Ensorcelled Hibernation and
                  | Swiftness to your library.
  8930 | D:7      | Learned a level 3 spell: Swiftness
  8955 | D:7      | Reached skill level 2 in Translocations
  8985 | D:7      | Found a bloodstained altar of Trog.
  9027 | D:7      | Reached ** piety under Ashenzari
  9405 | D:7      | Reached skill level 4 in Air Magic
  9414 | D:7      | Reached skill level 7 in Spellcasting
  9497 | D:7      | Reached skill level 7 in Conjurations
  9517 | D:7      | Reached skill level 7 in Stealth
  9854 | D:7      | Reached skill level 6 in Hexes
 10291 | D:7      | Reached skill level 3 in Translocations
 10448 | D:7      | magus.rc [v1.9.6]
 10493 | D:7      | Noticed a kobold demonologist
 10498 | D:7      | Noticed a smoke demon
 10498 | D:7      | Killed a kobold demonologist
 10498 | D:7      | Noticed a two-headed ogre
 10499 | D:7      | Reached skill level 5 in Poison Magic
 10499 | D:7      | Identified the amulet of Faqaalu {RegenMP -Tele Harm Fly}
 10501 | D:7      | HP: 7/45 [wraith (7)]
 10501 | D:7      | Noticed a purple ugly thing
 11013 | D:7      | Learned a level 2 spell: Ensorcelled Hibernation
 11175 | D:7      | Identified the ring "Nauprauk" {rF- rN+ MP+9 Int+4}
 11215 | D:7      | Killed a two-headed ogre
 11216 | D:7      | Reached skill level 7 in Dodging
 11216 | D:7      | Reached XP level 10. HP: 50/50 MP: 5/23
 11560 | D:7      | Reached skill level 8 in Spellcasting
 11814 | D:7      | Identified the ring of Xurakhet {rElec rCorr Dex+2}
 11822 | D:7      | Reached skill level 5 in Air Magic
 11936 | D:7      | Found a runed translucent door.
 12116 | D:7      | Reached skill level 8 in Stealth
 12400 | D:8      | Reached skill level 4 in Translocations
 12587 | D:8      | HP: 8/50 [hornet (6)]
 12588 | D:8      | HP: 3/50 [hornet (8)]
 12590 | D:8      | Reached skill level 7 in Hexes
 12713 | D:8      | Noticed a two-headed ogre
 12803 | D:8      | Reached skill level 8 in Conjurations
 12943 | D:8      | Reached skill level 6 in Poison Magic
 12944 | D:8      | HP: 8/46 [bullfrog (5)]
 13194 | D:8      | Found Lofy's Distillery.
 13239 | D:8      | Bought a potion of heal wounds for 60 gold pieces
 13239 | D:8      | Bought a potion of curing for 36 gold pieces
 13252 | D:8      | Killed a two-headed ogre
 13416 | D:8      | Found a staircase to the Lair.
 13641 | D:8      | Found a shimmering altar of Xom.
 13689 | D:8      | Reached *** piety under Ashenzari
 13794 | D:8      | You pick up a book of Alchemy and begin reading...
 14039 | Lair:1   | Entered Level 1 of the Lair of Beasts
 14048 | Lair:1   | Identified +0 gold dragon scales
 14129 | Lair:1   | Reached skill level 8 in Dodging
 14282 | Lair:1   | Reached XP level 11. HP: 46/54 MP: 23/25
 14339 | Lair:1   | Learned a level 4 spell: Fulminant Prism
 14505 | Lair:1   | Reached skill level 5 in Translocations
 14520 | Lair:1   | Reached skill level 9 in Spellcasting
 14521 | Lair:1   | HP: 12/54 [blink frog (13)]
 14529 | Lair:1   | Reached skill level 8 in Hexes
 14538 | Lair:1   | Reached skill level 1 in Short Blades
 14545 | Lair:1   | HP: 4/54 [blink frog (14)]
 14550 | Lair:1   | Reached skill level 9 in Stealth
 14691 | Lair:1   | Noticed a boulder beetle
 14746 | Lair:1   | Killed a boulder beetle
 14747 | Lair:1   | Reached skill level 6 in Air Magic
 15273 | Lair:1   | Noticed a boulder beetle
 15287 | Lair:1   | Killed a boulder beetle
 15466 | Lair:1   | Noticed Amaemon
 15484 | Lair:1   | Killed Amaemon
 15485 | Lair:1   | Reached skill level 2 in Short Blades
 15502 | Lair:1   | Reached skill level 7 in Poison Magic
 15504 | Lair:1   | HP: 9/54 [cane toad (19)]
 15515 | Lair:1   | HP: 5/54 [blink frog (15)]
 15719 | Lair:1   | Reached skill level 9 in Conjurations
 15818 | Lair:1   | magus.rc [v1.9.6]
 16238 | Lair:1   | Identified a scroll of acquirement
 16248 | Lair:1   | Acquired a book of Storms
 16249 | Lair:1   | You pick up a book of Storms and begin reading...
 16249 | Lair:1   | You add the spells Static Discharge, Airstrike and Summon
                  | Lightning Spire to your library.
 16255 | Lair:1   | Learned a level 4 spell: Summon Lightning Spire
 16541 | Lair:2   | Noticed a skyshark
 16566 | Lair:2   | Reached skill level 6 in Translocations
 16586 | Lair:2   | Reached skill level 1 in Ice Magic
 16598 | Lair:2   | Reached skill level 1 in Summonings
 16795 | Lair:2   | Found a broken altar of Ashenzari.
 16795 | Lair:2   | Noticed an oklob plant
 16835 | Lair:2   | Noticed a skyshark
 16852 | Lair:2   | Reached **** piety under Ashenzari
 17039 | Lair:2   | Noticed a skyshark
 17043 | Lair:2   | Noticed a skyshark
 17047 | Lair:2   | Killed a skyshark
 17048 | Lair:2   | Reached skill level 9 in Dodging
 17048 | Lair:2   | Reached skill level 9 in Hexes
 17048 | Lair:2   | Reached XP level 12. HP: 53/59 MP: 27/27
 17325 | Lair:2   | Reached skill level 2 in Ice Magic
 17326 | Lair:2   | Reached skill level 2 in Summonings
 17740 | Lair:2   | Reached skill level 7 in Air Magic
 18046 | Lair:3   | Reached skill level 3 in Short Blades
 18092 | Lair:3   | Found a hole to the Spider Nest.
 18293 | Lair:3   | Reached skill level 1 in Fighting
 18293 | Lair:3   | Reached skill level 3 in Summonings
 18293 | Lair:3   | Reached skill level 3 in Ice Magic
 19041 | D:9      | Identified the +0 buckler of Precision Catastrophes {rF+
                  | rN+ Regen+ Str-3}
 19062 | D:9      | Reached skill level 8 in Poison Magic
 19075 | D:9      | You pick up a book of Geomancy and begin reading...
 19075 | D:9      | You add the spells Sandblast, Stone Arrow and Brom's
                  | Barrelling Boulder to your library.
 19222 | D:9      | Noticed a two-headed ogre
 19228 | D:9      | Killed a two-headed ogre
 19229 | D:9      | Reached skill level 7 in Translocations
 19266 | D:9      | Found a flagged portal.
 19278 | Bailey   | Entered a bailey
 19805 | Bailey   | Reached skill level 2 in Fighting
 19865 | Bailey   | Reached skill level 10 in Hexes
 19933 | Bailey   | Reached skill level 10 in Conjurations
 20146 | D:9      | Reached skill level 4 in Short Blades
 20157 | D:9      | magus.rc [v1.9.6]
 20456 | D:9      | Noticed Erica
 20625 | D:9      | Found a basalt altar of Yredelemnul.
 20674 | D:9      | Reached XP level 13. HP: 48/67 MP: 28/28
 20783 | D:9      | Killed Erica
 20784 | D:9      | Reached skill level 10 in Dodging
 21436 | D:10     | Entered Level 10 of the Dungeon
 22426 | D:10     | Noticed Sonja
 22436 | D:10     | Killed Sonja
 22437 | D:10     | Reached skill level 1 in Evocations
 22459 | D:10     | Found a shadowy altar of Dithmenos.
 22505 | D:10     | Found a radiant altar of Vehumet.
 23395 | D:11     | Found Jistynlu's Jewellery Shop.
 23410 | D:11     | Bought an amulet of reflection for 450 gold pieces
 23500 | D:11     | Noticed Josephine
 23508 | D:11     | Killed Josephine
 23509 | D:11     | Reached skill level 1 in Shields
 24197 | D:11     | Reached skill level 2 in Evocations
 24694 | D:11     | Noticed Lodul
 24698 | D:11     | Reached skill level 3 in Fighting
 24709 | D:11     | Reached skill level 10 in Spellcasting
 24900 | D:11     | HP: 14/72 [ogre/+0 giant spiked club[Lodul] (29)]
 25239 | D:11     | Killed Lodul
 25240 | D:11     | Reached skill level 8 in Air Magic
 25859 | D:11     | Reached ***** piety under Ashenzari
 25923 | D:11     | magus.rc [v1.9.6]
 25923 | D:11     | magus.rc [v1.9.6]
 25928 | D:11     | Learned a level 4 spell: Passage of Golubria
 26348 | Lair:4   | Reached skill level 8 in Translocations
 26386 | Lair:4   | Identified the cursed scarf "Shattered With Me" {repulsion,
                  | Cun, Range} (You found it on level 5 of the Dungeon)
 26386 | Lair:4   | Identified the cursed +2 helmet of Desmomancy {SInv, Comp,
                  | Fort} (You found it on level 2 of the Dungeon)
 26386 | Lair:4   | Identified the cursed +1 pair of boots "Lashed Prison"
                  | {Range, Elem} (You found it on level 4 of the Dungeon)
 26386 | Lair:4   | Identified the cursed +3 leather armour "Ruined Together"
                  | {rC+, Cun, Comp} (You found it on level 5 of the Dungeon)
 26785 | Lair:4   | Reached skill level 2 in Shields
 26836 | Lair:4   | Found a staircase to the Slime Pits.
 26979 | Lair:4   | Reached skill level 3 in Evocations
 27241 | Lair:5   | Entered Level 5 of the Lair of Beasts
 27278 | Lair:5   | Reached skill level 5 in Short Blades
 27287 | Lair:5   | magus.rc [v1.9.6]
 27287 | Lair:5   | magus.rc [v1.9.6]
 27514 | Lair:5   | Learned a level 3 spell: Ozocubu's Armour
 27557 | Lair:5   | HP: 10/74 [six-headed hydra (12)]
 27818 | Lair:5   | You pick up a book of Weapons and begin reading...
 27818 | Lair:5   | You add the spells Tukima's Dance and Dimensional Bullseye
                  | to your library.
 27886 | Lair:5   | Reached skill level 11 in Hexes
 28117 | Lair:5   | Reached XP level 14. HP: 59/79 MP: 21/32
 28372 | Lair:5   | Reached skill level 4 in Fighting
 28688 | Lair:5   | Reached skill level 4 in Ice Magic
 28790 | Lair:5   | Reached skill level 4 in Summonings
 28940 | Lair:5   | Reached skill level 4 in Evocations
 28942 | Lair:5   | Reached skill level 11 in Conjurations
 28942 | Lair:5   | magus.rc [v1.9.6]
 29630 | Lair:5   | Reached skill level 11 in Spellcasting
 30486 | Lair:5   | You pick up a book of Storms and begin reading...
 30739 | Lair:5   | Reached skill level 5 in Ice Magic
 31365 | Lair:5   | Reached skill level 9 in Translocations
 32278 | D:12     | Noticed Jorgrun
 32278 | D:12     | Noticed Gastronok
 32348 | D:12     | Noticed Psyche
 32348 | D:12     | Found Xoumua's Distillery.
 32664 | D:12     | Learned a level 5 spell: Metabolic Englaciation
 32969 | D:12     | HP: 7/82 [constriction (15)]
 32969 | D:12     | Killed Jorgrun
 32970 | D:12     | Reached skill level 12 in Hexes
 33335 | D:12     | Reached skill level 5 in Fighting
 33387 | D:12     | Killed Gastronok
 33486 | D:12     | Identified the +2 flail "Nyschur" {spect, rC+ Int+3 SInv}
 33520 | D:12     | Killed Psyche
 33728 | D:12     | Bought a potion of heal wounds for 55 gold pieces
 33728 | D:12     | Bought a potion of berserk rage for 55 gold pieces
 33728 | D:12     | Bought a potion of curing for 33 gold pieces
 34405 | D:12     | Found a staircase to the Orcish Mines.
 35061 | D:13     | Acquired a book of Frost
 35062 | D:13     | You pick up a book of Frost and begin reading...
 35062 | D:13     | You add the spells Freeze, Frozen Ramparts and Hailstorm to
                  | your library.
 35067 | D:13     | Learned a level 3 spell: Frozen Ramparts
 35253 | D:13     | Reached skill level 12 in Spellcasting
 35261 | D:13     | Reached XP level 15. HP: 86/86 MP: 11/35
 35289 | D:13     | Found a gate to the Vaults.
 36387 | D:13     | magus.rc [v1.9.6]
 36402 | D:14     | Found a transporter.
 36484 | D:14     | Found a gate leading to a gauntlet.
 36501 | Gauntlet | Entered a Gauntlet
 36501 | Gauntlet | Found a transporter.
 36512 | Gauntlet | Found a transporter.
 36512 | Gauntlet | Found the ring of the Hare {EV+10}
 36551 | Gauntlet | Found a transporter.
 36576 | Gauntlet | Identified the ring of Wueshria {Str+2 SInv}
 36578 | Gauntlet | Found a transporter.
 36578 | Gauntlet | Found a transporter.
 36580 | Gauntlet | Found a transporter.
 36619 | Gauntlet | Found a transporter.
 36649 | Gauntlet | Found a transporter.
 36702 | Gauntlet | Reached skill level 12 in Conjurations
 36895 | Gauntlet | Found a transporter.
 36903 | Gauntlet | Found a transporter.
 36924 | Gauntlet | Reached skill level 1 in Long Blades
 37060 | Gauntlet | Identified the +0 helmet "Loluet" {Str+3}
 37080 | Gauntlet | Found a transporter.
 37086 | Gauntlet | Found a transporter.
 37377 | Gauntlet | Identified the staff of Powerful Duty {rElec rC+ rCorr
                  | Int+2 Ice}
 37440 | D:14     | Reached skill level 10 in Translocations
 37735 | D:14     | Noticed Agnes
 38244 | D:14     | Found a transporter.
 38244 | D:14     | Identified the ring "Onusiran" {Will+ rCorr Slay+3}
 38244 | D:14     | Identified the +0 pair of boots of the Beginning {rElec
                  | rC+}
 38309 | D:14     | Killed Agnes
 38310 | D:14     | Reached skill level 6 in Fighting
 38310 | D:14     | Reached skill level 13 in Hexes
 38946 | D:15     | Entered Level 15 of the Dungeon
 39085 | D:15     | HP: 18/88 [tengu warrior/arrow (13)]
 39361 | D:15     | Found a staircase to the Depths.
 39590 | D:15     | Reached skill level 6 in Ice Magic
 39898 | D:15     | Reached skill level 13 in Spellcasting
 39900 | D:15     | Reached skill level 1 in Armour
 40671 | Orc:1    | Entered Level 1 of the Orcish Mines
 41446 | Orc:1    | Noticed Urug
 41508 | Orc:1    | Killed Urug
 41654 | Orc:2    | Entered Level 2 of the Orcish Mines
 41708 | Orc:2    | Found a flickering gateway to a bazaar.
 41742 | Orc:2    | Found a staircase to the Elven Halls.
 41753 | Bazaar   | Entered a bazaar
 41753 | Bazaar   | Found Zighaqol's Antique Armour Shoppe.
 41753 | Bazaar   | Found Voahan's Antique Armour Shop.
 41775 | Bazaar   | Found Xatoc's Distillery.
 41781 | Bazaar   | Found Taotanoe's Distillery.
 41784 | Bazaar   | Bought a potion of resistance for 160 gold pieces
 41791 | Bazaar   | Bought a potion of invisibility for 136 gold pieces
 41791 | Bazaar   | Found Gacajuga's Armour Emporium.
 41813 | Bazaar   | Bought a potion of haste for 160 gold pieces
 41813 | Bazaar   | Bought a potion of invisibility for 128 gold pieces
 41813 | Bazaar   | Bought a potion of mutation for 128 gold pieces
 41813 | Bazaar   | Bought a potion of invisibility for 128 gold pieces
 41813 | Bazaar   | Bought a potion of mutation for 128 gold pieces
 41836 | Bazaar   | Bought a pair of embroidered gloves for 105 gold pieces
 41983 | Orc:2    | Reached skill level 2 in Long Blades
 42445 | Orc:2    | Found Lirizin's Book Boutique.
 42445 | Orc:2    | Found Voreq's Assorted Antiques.
 42447 | Orc:2    | Found Rarib's Weapon Emporium.
 42449 | Orc:2    | Found Muahucecs's Distillery.
 42454 | Orc:2    | Bought a potion of curing for 39 gold pieces
 42454 | Orc:2    | Bought a potion of cancellation for 104 gold pieces
 42454 | Orc:2    | Bought a potion of heal wounds for 65 gold pieces
 42457 | Orc:2    | Bought a potion of heal wounds for 125 gold pieces
 42457 | Orc:2    | Bought a scroll of blinking for 187 gold pieces
 42509 | Orc:2    | magus.rc [v1.9.6]
 43160 | D:14     | HP: 20/89 [something (9)]
 43161 | D:14     | HP: 9/89 [poison (dark miasma)]
 43168 | D:14     | HP: 18/89 [briar patch's spines (4)]
 43751 | Spider:1 | Entered Level 1 of the Spider Nest
 43937 | Spider:1 | Reached skill level 2 in Armour
 44177 | Spider:1 | Noticed an emperor scorpion
 44204 | Spider:1 | Killed an emperor scorpion
 47047 | Spider:1 | Reached XP level 16. HP: 94/94 MP: 37/37
 47605 | Spider:1 | Reached skill level 3 in Long Blades
 49010 | Spider:1 | Reached skill level 7 in Fighting
 49979 | Spider:1 | magus.rc [v1.9.6]
 50324 | Spider:2 | Reached skill level 14 in Spellcasting
 50353 | Spider:2 | Reached skill level 5 in Evocations
 50601 | Spider:2 | Learned a level 4 spell: Airstrike
 50665 | Spider:2 | You pick up a book of Decay and begin reading...
 50665 | Spider:2 | You add the spells Cigotuvi's Dreadful Rot, Dispel Undead
                  | and Death Channel to your library.
 50710 | Spider:2 | You pick up a book of Geomancy and begin reading...
 50717 | Spider:2 | Reached skill level 7 in Ice Magic
 50867 | Spider:2 | HP: 23/96 [demonic crawler (10)]
 50873 | Spider:2 | HP: 14/96 [demonic crawler (12)]
 51420 | Spider:2 | Reached skill level 9 in Air Magic
 53175 | Spider:2 | Reached skill level 10 in Stealth
 54388 | Spider:3 | Reached skill level 11 in Dodging
 55330 | Spider:3 | Reached skill level 6 in Evocations
 55944 | Orc:2    | Bought the +11 Singing Sword {sonic wave} for 1000 gold
                  | pieces
 55944 | Orc:2    | Found the +11 Singing Sword {sonic wave}
 56237 | Spider:4 | Entered Level 4 of the Spider Nest
 57870 | Spider:4 | Learned a level 3 spell: Hailstorm
 58167 | Spider:4 | Reached skill level 8 in Ice Magic
 58183 | Spider:4 | Reached skill level 4 in Long Blades
 58793 | Spider:4 | HP: 18/97 [disintegration (58)]
 59032 | Spider:4 | Reached XP level 17. HP: 102/102 MP: 35/39
 59627 | Spider:4 | Reached skill level 10 in Air Magic
 59971 | Spider:4 | Reached skill level 5 in Long Blades
 59971 | Spider:4 | Reached skill level 12 in Dodging
 60581 | Spider:4 | Got a gossamer rune of Zot
 60671 | Spider:4 | Noticed Arachne
 60673 | Spider:4 | You pick up a book of Frost and begin reading...
 60705 | Spider:4 | Killed Arachne
 61281 | Lair:2   | Found a staircase to the Shoals.
 61311 | Shoals:1 | Entered Level 1 of the Shoals
 62375 | Shoals:1 | Reached skill level 6 in Long Blades
 63032 | Shoals:1 | Noticed Nikola
 63081 | Shoals:1 | Killed Nikola
 63547 | Shoals:2 | magus.rc [v1.9.6]
 63667 | Shoals:2 | Reached skill level 13 in Dodging
 65176 | Shoals:2 | Reached skill level 7 in Long Blades
 65863 | Shoals:2 | You pick up a book of the Earth and begin reading...
 65863 | Shoals:2 | You add the spells Leda's Liquefaction, Lee's Rapid
                  | Deconstruction and Bombard to your library.
 65953 | Shoals:3 | Noticed Bai Suzhen
 66010 | Shoals:3 | Noticed Ilsuiw
 66020 | Shoals:3 | Reached skill level 14 in Dodging
 67261 | Shoals:3 | Found a runed translucent gate.
 67261 | Shoals:3 | Found a runed translucent gate.
 67261 | Shoals:3 | Found a runed translucent gate.
 67766 | Shoals:3 | Noticed Polyphemus
 67802 | Shoals:3 | Killed Polyphemus
 67833 | Shoals:3 | HP: 16/102 [faun/sling bullet[a satyr] (14)]
 67848 | Shoals:3 | HP: 25/102 [drowned by a drowned soul[a merfolk avatar]
                  | (12)]
 67975 | Shoals:3 | magus.rc [v1.9.6]
 67992 | Shoals:3 | Acquired the +0 buckler "Cehe" {rC+ rN+ rCorr Str+2}
 68004 | Shoals:3 | Reached skill level 15 in Dodging
 68476 | Shoals:4 | Entered Level 4 of the Shoals
 68510 | Shoals:3 | HP: 20/102 [poisoned by a sea snake]
 68514 | Shoals:3 | HP: 8/102 [poisoned by a sea snake]
 68651 | Shoals:3 | Killed Ilsuiw
 68652 | Shoals:3 | Reached skill level 15 in Spellcasting
 69695 | Shoals:4 | Reached skill level 14 in Hexes
 69695 | Shoals:4 | Reached XP level 18. HP: 59/107 MP: 6/41
 70822 | Shoals:4 | Identified the +10 long sword of Fury {flame, Str+3 Dex+3
                  | SInv Stlth+}
 71148 | Shoals:4 | Reached skill level 1 in Earth Magic
 71194 | Shoals:4 | Reached skill level 9 in Ice Magic
 71972 | Shoals:4 | You pick up a book of the Earth and begin reading...
 71993 | Shoals:4 | You pick up a book of Geomancy and begin reading...
 72016 | Shoals:4 | Reached skill level 2 in Earth Magic
 72301 | Shoals:4 | Found Wicar's Book Emporium.
 72489 | Shoals:4 | Got a barnacled rune of Zot
 72696 | Lair:1   | magus.rc [v1.9.6]
 72892 | Crypt:3  | Identified the "Quavihul"
 72892 | Crypt:3  | Identified the of Syapinug
 72892 | Elf:1    | Entered Level 1 of the Elven Halls
 73329 | Elf:1    | Reached skill level 3 in Shields
 74668 | Elf:1    | Reached skill level 11 in Air Magic
 75164 | Elf:1    | Reached skill level 3 in Earth Magic
 76337 | Elf:1    | You add the spells Ignite Poison and Freezing Cloud to your
                  | library.
 76477 | Elf:1    | Identified the +1 spear "Tormentor" {flame, SInv Stlth+}
 76480 | Elf:1    | Reached skill level 8 in Long Blades
 76763 | Elf:1    | Reached skill level 16 in Spellcasting
 77333 | Elf:1    | Found Eluefamo's Assorted Antiques.
 77341 | Elf:1    | Bought a scroll of teleportation for 54 gold pieces
 77358 | Elf:1    | Identified the +3 leather armour of Vehumet's Generosity
                  | {-Tele rPois rCorr}
 77815 | Elf:2    | Learned a level 5 spell: Freezing Cloud
 78559 | Elf:2    | Reached skill level 9 in Long Blades
 78805 | Elf:2    | Found a runed translucent gate.
 78805 | Elf:2    | Found a runed translucent gate.
 78805 | Elf:2    | Found a runed translucent gate.
 78829 | Elf:2    | Identified the +0 scale mail of Poor Excuses {Rampage
                  | *Corrode MP-9 Dex+6}
 78830 | Elf:2    | Found Tadeetz's Book Emporium.
 79517 | Elf:3    | Identified the of Iseteij
 79517 | Elf:3    | Entered Level 3 of the Elven Halls
 79801 | Elf:3    | Reached skill level 17 in Spellcasting
 80264 | Elf:3    | Paralysed by an air elemental for 1 turns
 80266 | Elf:3    | Reached XP level 19. HP: 112/112 MP: 44/44
 81339 | Elf:3    | Identified the +1 long sword of the Desert {heavy, rF+ rN+
                  | Will+}
 81865 | Elf:3    | Reached skill level 18 in Spellcasting
 82413 | Elf:3    | Reached skill level 4 in Earth Magic
 82958 | Elf:3    | Reached skill level 5 in Earth Magic
 83496 | Elf:3    | Reached skill level 6 in Earth Magic
 84049 | Elf:3    | You pick up a book of Sloth and begin reading...
 84052 | Elf:3    | You pick up a book of Winter and begin reading...
 84061 | Elf:3    | You add the spells Shock and Kiss of Death to your library.
 84288 | Elf:3    | Identified the +5 great mace of Itihimo {venom, rF+ Will+
                  | Str-4 SInv}
 84288 | Elf:3    | Identified +0 gold dragon scales
 84288 | Elf:3    | Identified the ring "Dolien" {Ice rPois Dex+3 Slay+6}
 84297 | Elf:3    | Reached skill level 19 in Spellcasting
 84862 | Elf:3    | the +5 great mace of Itihimo {venom, rF+ Will+ Str-4 SInv,
                  | mace}; +0 gold dragon scales {rare}; the ring "Dolien" {Ice
                  | rPois Dex+3 Slay+6}
 84863 | Elf:3    | magus.rc [v1.9.6]
 85046 | Vaults:1 | Entered Level 1 of the Vaults
 85256 | Vaults:1 | Reached skill level 7 in Earth Magic
 85271 | Vaults:1 | Learned a level 6 spell: Bombard
 85986 | Vaults:1 | Reached skill level 8 in Earth Magic
 86292 | Vaults:1 | Found a runed translucent gate.
 86292 | Vaults:1 | Found a runed translucent gate.
 86292 | Vaults:1 | Found a runed translucent gate.
 86293 | Vaults:1 | Noticed Ziugimmo's ghost (veteran AtMo)
 86315 | Vaults:1 | Identified the ring of Sophism {rN+ Str+6}
 86456 | Vaults:1 | Reached skill level 1 in Fire Magic
 86458 | Vaults:1 | Reached skill level 1 in Necromancy
 86648 | Vaults:1 | Reached skill level 2 in Fire Magic
 86652 | Vaults:1 | Reached skill level 2 in Necromancy
 86655 | Vaults:1 | Reached skill level 3 in Fire Magic
 87593 | Vaults:2 | Reached skill level 3 in Necromancy
 87594 | Vaults:2 | Reached skill level 4 in Fire Magic
 88087 | Vaults:2 | Found Heurio's Jewellery Shop.
 88090 | Vaults:2 | Reached skill level 20 in Spellcasting
 88133 | Vaults:1 | Reached skill level 9 in Earth Magic
 88440 | Vaults:2 | Reached skill level 5 in Fire Magic
 88633 | Vaults:2 | Reached skill level 4 in Necromancy
 88827 | Vaults:2 | Reached XP level 20. HP: 116/117 MP: 40/48
 89164 | Vaults:2 | Reached skill level 6 in Fire Magic
 89482 | Vaults:2 | Found a large runed translucent door.
 89482 | Vaults:2 | Found a large runed translucent door.
 89482 | Vaults:2 | Found a large runed translucent door.
 89482 | Vaults:2 | Found a large runed translucent door.
 89482 | Vaults:2 | Found a large runed translucent door.
 89482 | Vaults:2 | Found a large runed translucent door.
 89482 | Vaults:2 | Found a large runed translucent door.
 89482 | Vaults:2 | Found a large runed translucent door.
 89482 | Vaults:2 | Noticed grandjackal's ghost (adept DsGl)
 89517 | Vaults:2 | Found a staircase to the Crypt.
 89626 | Vaults:2 | Found Isiutempen's Book Emporium.
 89663 | Vaults:2 | Reached skill level 5 in Necromancy
 89785 | Vaults:2 | Found Zyann's Jewellery Boutique.
 90575 | Vaults:3 | Found Tonoajul's Armour Emporium.
 90926 | Vaults:3 | Reached skill level 6 in Necromancy
 90929 | Vaults:3 | Reached skill level 10 in Earth Magic
 91772 | Vaults:3 | You add the spells Summon Forest, Eringya's Noxious Bog and
                  | Summon Hydra to your library.
 92352 | Vaults:3 | Reached skill level 7 in Necromancy
 93138 | Vaults:3 | Found the +18 shield of the Gong {Loud rN+ Will+ rCorr
                  | EV-5}
 93215 | Vaults:4 | Noticed Margery
 93488 | Vaults:3 | magus.rc [v1.9.6]
 93556 | Vaults:4 | Reached skill level 21 in Spellcasting
 93990 | Vaults:4 | Reached skill level 8 in Necromancy
 93990 | Vaults:4 | Reached skill level 11 in Earth Magic
 94196 | Vaults:4 | Identified the cursed +0 pair of gloves "Lethargy of
                  | Ashenzari" {Alch, Melee} (You found it on level 4 of the
                  | Lair of Beasts)
 94196 | Vaults:4 | Identified the cursed +3 buckler "Share My Oracle" {rF+,
                  | Range, Melee} (You took it off a gnoll sergeant on level 9
                  | of the Dungeon)
 94700 | Vaults:4 | Killed Margery
 95920 | Vaults:4 | Learned a level 5 spell: Lee's Rapid Deconstruction
 95936 | Vaults:4 | Reached skill level 12 in Earth Magic
 96096 | Vaults:4 | Found the +9 sword of Power {lifebolt}
 96175 | Vaults:4 | magus.rc [v1.9.6]
 96285 | Vaults:2 | Reached skill level 22 in Spellcasting
 97101 | Shoals:3 | Killed Bai Suzhen
 97338 | Shoals:3 | Reached XP level 21. HP: 81/122 MP: 26/50
 97442 | Shoals:3 | You pick up a book of Armaments and begin reading...
 98510 | Vaults:2 | Killed grandjackal's ghost
 98803 | Vaults:2 | magus.rc [v1.9.6]
 99091 | D:7      | Learned a level 5 spell: Irradiate
 99429 | Vaults:5 | Entered Level 5 of the Vaults
 99435 | Vaults:4 | Reached skill level 8 in Fighting
 99770 | Vaults:5 | Reached skill level 1 in Transmutations
 99771 | Vaults:5 | Paralysed by a sphinx for 4 turns
 99773 | Vaults:5 | HP: 25/122 [tentacled monstrosity (11)]
 99774 | Vaults:5 | HP: 3/122 [tentacled monstrosity (15)]
 99774 | Vaults:5 | Slain by a tentacled monstrosity

Vanquished Creatures
  Bai Suzhen (Shoals:3)
  Margery (Vaults:4)
  Arachne (Spider:4)
  Nikola (Shoals:1)
  The ghost of grandjackal the Pandemonic, an adept DsGl of Makhleb (Vaults:2)
  A titan (Vaults:4)
  A sphinx (Vaults:4)
  A deep elf master archer (Elf:3)
  2 deep elf blademasters (Elf:3)
  Polyphemus (Shoals:3)
  Gastronok (D:12)
  A storm dragon (Vaults:4)
  2 frost giants (Shoals:3)
  8 deep elf sorcerers
  Ilsuiw (Shoals:3)
  12 vault wardens
  3 emperor scorpions
  3 deep elf elementalists (Elf:3)
  4 ghost moths
  3 stone giants
  2 formless jellyfish
  6 ironbound thunderhulks
  19 ironbound preservers
  A broodmother (Spider:2)
  4 deep elf annihilators (Elf:3)
  5 deep elf demonologists
  6 dire elephants
  4 spark wasps
  3 deep elf death magi (Elf:3)
  6 merfolk impalers
  An ettin (Vaults:5)
  7 merfolk javelineers
  8 yaktaur captains
  6 deep elf high priests (Elf:3)
  5 great orbs of eyes
  4 entropy weavers
  An alligator snapping turtle (Shoals:3)
  22 vault guards
  3 hydras
  2 peacekeepers (Vaults:4)
  2 jorogumos
  2 death knights (Vaults:2)
  4 merfolk avatars
  A catoblepas (Shoals:3)
  7 boulder beetles
  2 centaur warriors
  10 dancing weapons
  A merfolk aquamancer (Shoals:4)
  Erica (D:9)
  9 ironbound frosthearts
  6 two-headed ogres
  5 radroaches
  12 satyrs
  4 death yaks
  2 death scarabs
  An orc high priest (Orc:1)
  3 hell knights (Vaults:4)
  Urug (Orc:1)
  5 demonic crawlers
  2 tengu warriors (D:15)
  11 deep elf knights
  Sonja (D:10)
  A fire crab (Gauntlet)
  Amaemon (Lair:1)
  9 skysharks
  Lodul (D:11)
  A pharaoh ant (Spider:4)
  9 sea snakes
  26 deep trolls
  3 sun moths
  10 orb spiders
  3 glowing orange brains
  20 deep elf archers
  A kraken simulacrum (Shoals:3)
  16 ironbound convokers
  6 arcanists
  4 necromancers (Vaults:4)
  6 lindwurms
  A phantasmal warrior (Vaults:5)
  A lindwurm (shapeshifter) (Vaults:2)
  7 harpies
  28 deep elf pyromancers
  4 steelbarb worms
  5 orc knights
  26 deep elf zephyrmancers
  20 ugly things
  5 cyclopes
  6 manticores
  15 wolf spiders
  An oklob plant (Lair:2)
  24 fauns
  A salamander (shapeshifter) (D:14)
  2 moths of wrath
  7 elephants
  2 ice statues (Shoals:2)
  13 vault sentinels
  9 black mambas
  5 water nymphs
  11 merfolk sirens
  6 torpor snails
  7 cane toads
  An unseen horror (D:11)
  An orange demon (Lair:1)
  4 rime drakes
  2 unseen horror zombies (D:9)
  A freezing wraith (Vaults:2)
  11 komodo dragons
  A komodo dragon (shapeshifter) (Elf:2)
  A kobold demonologist (D:7)
  22 yaktaurs
  A tengu conjurer (D:14)
  6 trolls
  4 hornets
  A meliai (D:14)
  22 merfolk
  3 polar bears
  A queen bee (D:10)
  6 wind drakes
  20 tarantellas
  23 blink frogs
  13 dream sheep
  6 snapping turtles
  A spectral dream sheep (Gauntlet)
  28 slime creatures
  3 air elementals
  4 wraiths
  13 wyverns
  48 yaks
  21 culicivoras
  32 jumping spiders
  5 water elementals
  A shadow (D:7)
  6 basilisks
  A fire bat (Gauntlet)
  3 fire elementals
  3 alligator snapping turtle simulacra (Shoals:3)
  A basilisk (shapeshifter) (Elf:3)
  Eustachio (D:4)
  41 redbacks
  3 steam dragons
  25 vampire mosquitoes
  3 harpy simulacra (Shoals:3)
  2 death yak simulacra (Shoals:3)
  5 acid dragons
  3 swamp worms (D:14)
  16 water moccasins
  A swamp drake (Lair:5)
  29 orc warriors
  3 sky beasts
  3 ice beasts (D:8)
  A satyr simulacrum (Shoals:3)
  14 wolves
  2 boggarts (Elf:1)
  16 ogres
  A phantom (D:5)
  20 centaurs
  2 kobold brigands (D:7)
  11 bullfrogs
  3 merfolk simulacra (Shoals:3)
  3 earth elementals
  2 gnoll sergeants
  7 scorpions
  12 wights
  3 manticore simulacra (Shoals:3)
  37 killer bees
  3 snapping turtle simulacra (Shoals:3)
  12 electric eels
  11 howler monkeys
  3 centaur zombies (D:9)
  4 hounds
  17 jellies
  A gnoll bouda (D:6)
  9 orc priests
  2 cyclops simulacra (Shoals:3)
  9 iguanas
  17 orc wizards
  2 hell rats (Lair:5)
  2 centaur simulacra (Shoals:3)
  4 howler monkey zombies (D:9)
  Robin (D:4)
  13 gnolls
  7 adders
  2 white imps
  An ufetubus (D:5)
  3 worms (Lair:3)
  4 dart slugs
  64 orcs
  8 ball pythons
  2 bat zombies (D:4)
  9 endoplasms
  4 giant cockroaches
  16 goblins
  7 hobgoblins
  13 jackals
  7 quokkas
  4 bats
  A frilled lizard (D:2)
  14 kobolds
  7 rats
  2 fulminant prisms
  A tentacle (Shoals:3)
1454 creatures vanquished.

Vanquished Creatures (collateral kills)
  Jorgrun (D:12)
  Agnes (D:14)
  A minotaur (Gauntlet)
  Josephine (D:11)
  A fire dragon (Lair:5)
  2 tengu warriors
  A two-headed ogre (D:12)
  A deep elf knight (Elf:3)
  A pharaoh ant (Spider:4)
  A sea snake (Shoals:1)
  3 deep elf archers
  2 orb spiders
  A swamp dragon (Lair:5)
  An orc knight (Bailey)
  6 deep elf zephyrmancers
  2 deep elf pyromancers (Elf:1)
  A wolf spider (Spider:1)
  An ugly thing (D:15)
  A faun (Shoals:2)
  An elephant (Lair:5)
  2 merfolk sirens
  A guardian serpent (Lair:5)
  A yaktaur (Vaults:3)
  Psyche (D:12)
  2 freezing wraiths
  A rime drake (Lair:4)
  2 meliai (D:14)
  A hornet (D:9)
  A snapping turtle (Shoals:1)
  A tarantella (Spider:1)
  5 blink frogs
  2 jumping spiders (Spider:1)
  4 culicivoras
  A shadow (D:9)
  A wyvern (Lair:5)
  A basilisk (Lair:4)
  2 fire bats (Gauntlet)
  3 wraiths
  2 redbacks (Lair:5)
  A steam dragon (Lair:5)
  An acid dragon (Lair:5)
  5 orc warriors
  3 wolves (Lair:4)
  2 centaurs (Orc:2)
  A howler monkey (D:10)
  4 orc priests
  2 hell rats (Lair:5)
  2 orc wizards
  2 gnolls (D:9)
  6 orcs
93 creatures vanquished.

Vanquished Creatures (others)
  A deep elf knight (Elf:1)
  A sun moth (Spider:1)
  A sea snake (Shoals:3)
  A deep elf zephyrmancer (Elf:1)
  An electric eel (D:13)
  129 fulminant prisms
  A tentacle (Shoals:3)
135 creatures vanquished.

Grand Total: 1682 creatures vanquished

Table legend:
 A = Non-vault XP
 B = Vault XP
 C = Vault XP percentage of total XP
 D = Non-vault monster count
 E = Vault monster count
 F = Vault count percentage of total count
                 A         B        C        D         E       F
            +---------+---------+-------+---------+---------+-------
      Total |  317883 |  286879 |  47.4 |     956 |     593 |  38.3
            +---------+---------+-------+---------+---------+-------
        D:1 |      51 |       0 |   0.0 |      27 |       0 |   0.0
        D:2 |     106 |       0 |   0.0 |      25 |       0 |   0.0
        D:3 |     135 |       0 |   0.0 |      21 |       0 |   0.0
        D:4 |     236 |     233 |  49.7 |      12 |      17 |  58.6
        D:5 |     585 |     663 |  53.1 |      13 |      15 |  53.6
        D:6 |    1031 |      42 |   3.9 |      16 |       1 |   5.9
        D:7 |    1185 |    2922 |  71.1 |      17 |      21 |  55.3
        D:8 |    1717 |    1431 |  45.5 |      17 |       8 |  32.0
        D:9 |    2894 |    1777 |  38.0 |      31 |      10 |  24.4
       D:10 |    1166 |    2528 |  68.4 |      17 |      26 |  60.5
       D:11 |    4565 |    3266 |  41.7 |      20 |      13 |  39.4
       D:12 |    6637 |    3429 |  34.1 |      25 |       3 |  10.7
       D:13 |    6117 |    3235 |  34.6 |      25 |       6 |  19.4
       D:14 |    8157 |    1922 |  19.1 |      21 |       4 |  16.0
       D:15 |    8162 |    2732 |  25.1 |      17 |       3 |  15.0
     Lair:1 |    7163 |    2080 |  22.5 |      29 |       4 |  12.1
     Lair:2 |    7157 |    1443 |  16.8 |      27 |       4 |  12.9
     Lair:3 |    2896 |     619 |  17.6 |      11 |       8 |  42.1
     Lair:4 |    6986 |     517 |   6.9 |      30 |      14 |  31.8
     Lair:5 |   18949 |   13067 |  40.8 |      65 |      44 |  40.4
   Shoals:1 |    7404 |    2366 |  24.2 |      16 |       1 |   5.9
   Shoals:2 |   13020 |     956 |   6.8 |      27 |       2 |   6.9
   Shoals:3 |   23946 |   17318 |  42.0 |      43 |      37 |  46.2
   Shoals:4 |    4898 |   23009 |  82.4 |      11 |      33 |  75.0
   Spider:1 |   18261 |    3658 |  16.7 |      47 |      10 |  17.5
   Spider:2 |   19855 |     271 |   1.3 |      51 |       1 |   1.9
   Spider:3 |    9951 |    2242 |  18.4 |      20 |       3 |  13.0
   Spider:4 |    5704 |   24307 |  81.0 |      16 |      46 |  74.2
      Orc:1 |    2804 |     792 |  22.0 |      44 |       1 |   2.2
      Orc:2 |    1044 |    5140 |  83.1 |      18 |      41 |  69.5
      Elf:1 |   27886 |    6381 |  18.6 |      45 |      11 |  19.6
      Elf:2 |   19532 |    1636 |   7.7 |      34 |       2 |   5.6
      Elf:3 |   18720 |   32370 |  63.4 |      31 |      29 |  48.3
   Vaults:1 |   18527 |   18141 |  49.5 |      29 |      23 |  44.2
   Vaults:2 |   11930 |   30695 |  72.0 |      16 |      37 |  69.8
   Vaults:3 |   18286 |   10897 |  37.3 |      25 |      16 |  39.0
   Vaults:4 |   10220 |   54346 |  84.2 |      17 |      63 |  78.8
   Vaults:5 |       0 |    1556 | 100.0 |       0 |       2 | 100.0
     Bailey |       0 |    2928 | 100.0 |       0 |      23 | 100.0
   Gauntlet |       0 |    5964 | 100.0 |       0 |      11 | 100.0
            +---------+---------+-------+---------+---------+-------

Skill      XL: |  1  2  3  4  5  6  7  8  9 10 11 12 13 14 15 16 17 18 19 20 21 |
---------------+----------------------------------------------------------------+-----
Stealth        | 3 4 5 6 7 8 9 10 | 10.4
Dodging        | 3 4 5 7 8 9 10 11 15 | 15.9
Hexes          | 1 2 3 4 5 6 7 9 10 11 12 13 14 | 14.6
Spellcasting   | 4 5 6 7 8 9 10 12 13 14 15 17 20 22 | 22.3
Conjurations   | 5 6 7 8 9 10 11 12 | 12.9
Poison Magic   | 1 2 3 4 5 6 7 8 |  8.9
Air Magic      | 1 2 3 4 5 6 7 8 9 10 11 | 11.1
Translocations | 1 3 4 6 7 8 9 10 | 10.3
Short Blades   | 2 4 5 |  5.9
Ice Magic      | 1 3 5 6 8 9 |  9.6
Summonings     | 1 3 4 |  4.6
Fighting       | 2 3 5 6 7 8 |  8.0
Evocations     | 3 4 6 |  6.0
Shields        | 2 3 |  3.1
Long Blades    | 2 4 7 9 |  9.6
Armour         | 2 |  2.5
Earth Magic    | 3 9 12 | 12.7
Fire Magic     | 5 6 |  6.3
Necromancy     | 4 8 |  8.9
Transmutations | 1 |  1.0

Action                     |  1- 3 |  4- 6 |  7- 9 | 10-12 | 13-15 | 16-18 | 19-21 || total
---------------------------+-------+-------+-------+-------+-------+-------+-------++-------
  Melee: Short sword       |     6 |     2 |    32 |   215 |   778 |   178 |    61 ||  1272
         Whip              |       |       |     2 |       |       |       |       ||     2
         Punch             |       |       |       |     4 |     1 |       |       ||     5
         Demon blade       |       |       |       |       |    17 |    10 |       ||    27
         Dagger            |       |       |       |       |    16 |       |       ||    16
         Hand axe          |       |       |       |       |     8 |       |       ||     8
         Staff             |       |       |       |       |     1 |    12 |    20 ||    33
         Double sword      |       |       |       |       |       |   146 |    50 ||   196
         Long sword        |       |       |       |       |       |    36 |    93 ||   129
  Throw: Dart              |       |       |       |     4 |    10 |     6 |       ||    20
         Boomerang         |       |       |       |       |     2 |     4 |       ||     6
         Javelin           |       |       |       |       |       |    13 |       ||    13
         Throwing net      |       |       |       |       |       |     1 |       ||     1
   Cast: Magic Dart        |    90 |    92 |   127 |   186 |   359 |   205 |   110 ||  1169
         Searing Ray       |     1 |     8 |    55 |    54 |    82 |    84 |    13 ||   297
         Dazzling Flash    |       |       |     3 |     2 |     8 |     3 |       ||    16
         Swiftness         |       |       |     1 |       |       |     1 |       ||     2
         Iskenderun's Myst |       |       |       |    43 |   168 |   215 |   122 ||   548
         Mephitic Cloud    |       |       |       |    23 |    73 |    36 |    20 ||   152
         Ensorcelled Hiber |       |       |       |    24 |    23 |    25 |       ||    72
         Fulminant Prism   |       |       |       |     4 |    28 |    85 |    14 ||   131
         Summon Lightning  |       |       |       |     7 |    43 |    32 |     6 ||    88
         Passage of Golubr |       |       |       |       |     3 |       |     7 ||    10
         Metabolic Englaci |       |       |       |       |    19 |    48 |     8 ||    75
         Ozocubu's Armour  |       |       |       |       |    19 |    16 |     3 ||    38
         Frozen Ramparts   |       |       |       |       |    17 |    41 |     7 ||    65
         Airstrike         |       |       |       |       |       |   404 |   145 ||   549
         Hailstorm         |       |       |       |       |       |    37 |    53 ||    90
         Freezing Cloud    |       |       |       |       |       |    12 |    74 ||    86
         Bombard           |       |       |       |       |       |       |    73 ||    73
         Lee's Rapid Decon |       |       |       |       |       |       |     6 ||     6
         Irradiate         |       |       |       |       |       |       |     2 ||     2
 Invoke: Curse Item        |       |       |     3 |     3 |     3 |     1 |       ||    10
         Shatter the Chain |       |       |       |       |     2 |       |       ||     2
  Evoke: Wand              |       |       |    10 |    28 |    43 |    29 |     2 ||   112
         Phantom mirror    |       |       |       |       |     1 |     1 |       ||     2
         Phial of floods   |       |       |       |       |     1 |       |       ||     1
         Condenser vane    |       |       |       |       |       |       |     1 ||     1
    Use: Scroll            |       |    10 |     5 |     2 |    14 |    10 |     7 ||    48
         Potion            |       |     1 |     3 |     6 |     8 |    15 |     6 ||    39
   Stab: Sleeping          |       |     1 |     4 |    22 |    24 |    17 |    23 ||    91
         Confused          |       |       |       |     6 |    15 |    12 |       ||    33
         Distracted        |       |       |       |     1 |     1 |     4 |     3 ||     9
         Invisible         |       |       |       |       |       |     2 |       ||     2
 Armour: Robe              |     9 |    11 |       |       |       |       |       ||    20
         Leather armour    |       |       |    88 |   168 |   422 |   419 |   147 ||  1244
         Skin              |       |       |       |       |     8 |       |       ||     8
  Dodge: Dodged            |     6 |     5 |   123 |   241 |   367 |   419 |   161 ||  1322
         Repelled          |       |       |       |     2 |     7 |    20 |     6 ||    35
  Block: Buckler           |       |       |       |       |   458 |   386 |   176 ||  1020
         Reflection        |       |       |       |       |    53 |    80 |    36 ||   169

Illustrated notes

Table legend:
 A = Kills in this place as a percentage of kills in the entire game.
 B = Kills by you in this place as a percentage of kills by you in the entire game.
 C = Kills by friends in this place as a percentage of kills by friends in the entire game.
 D = Other kills in this place as a percentage of other kills in the entire game.
 E = Experience gained in this place as a percentage of experience gained in the entire game.
 F = Experience gained in this place divided by the number of levels of this place that you have seen.
                   A       B       C       D       E      F
               +-------+-------+-------+-------+-------+----------------------
         Total | 100.0 | 100.0 | 100.0 | 100.0 | 100.0 | 14750.3
       Dungeon |  27.8 |  28.4 |  25.8 |   9.1 |  11.1 | 4461.6
          Lair |  15.2 |  14.5 |  22.6 |  24.2 |  10.1 | 12175.4
        Shoals |  11.0 |  11.5 |   5.4 |   3.0 |  15.4 | 23229.2
   Spider Nest |  12.5 |  12.6 |  11.8 |  12.1 |  13.9 | 21062.2
  Orcish Mines |   6.7 |   5.6 |  15.1 |  33.3 |   1.6 | 4890.0
   Elven Halls |   9.8 |   9.7 |  12.9 |   6.1 |  17.6 | 35508.3
        Vaults |  14.7 |  16.0 |   1.1 |   0.0 |  28.9 | 34919.6
        Bailey |   1.5 |   1.2 |   2.2 |  12.1 |   0.5 | 2928.0
      Gauntlet |   0.7 |   0.6 |   3.2 |   0.0 |   1.0 | 5964.0
               +-------+-------+-------+-------+-------+----------------------

Table legend: (Time is in decaauts)
 A = Elapsed time spent in this place.
 B = Non-inter-level travel time spent in this place.
 C = Inter-level travel time spent in this place.
 D = Time resting spent in this place.
 E = Time spent auto-exploring this place.
 F = Levels seen in this place.
 G = Mean time per level.
                   A        B        C        D        E       F      G
               +--------+--------+--------+--------+--------+-----+--------+
         Total | 100159 |  94004 |   6155 |  52652 |  17772 |  41 | 2442.9 |
       Dungeon |  30213 |  27113 |   3100 |  12295 |   8475 |  15 | 2014.2 |
          Lair |  14093 |  12817 |   1276 |   6587 |   1833 |   5 | 2818.6 |
        Shoals |  12714 |  12367 |    347 |   8135 |    870 |   4 | 3178.5 |
   Spider Nest |  14630 |  14292 |    338 |   9186 |   1696 |   4 | 3657.5 |
  Orcish Mines |   3327 |   3009 |    318 |   1496 |    950 |   2 | 1663.5 |
   Elven Halls |  10682 |  10570 |    112 |   7044 |   1176 |   3 | 3560.7 |
        Vaults |  12708 |  12047 |    661 |   6989 |   2771 |   5 | 2541.6 |
        Bazaar |    100 |    100 |      0 |      0 |      0 |   1 |  100.0 |
        Bailey |    817 |    817 |      0 |    430 |      0 |   1 |  817.0 |
      Gauntlet |    869 |    869 |      0 |    488 |      0 |   1 |  869.0 |
               +--------+--------+--------+--------+--------+-----+--------+

Top non-repeatable levels by time:
   Elf:3: 5336 daAuts
  Lair:5: 4553 daAuts
Spider:2: 4465 daAuts
     D:7: 4289 daAuts
Spider:1: 4188 daAuts
Shoals:2: 4166 daAuts
Spider:4: 3874 daAuts
   Elf:1: 3868 daAuts
Vaults:2: 3588 daAuts
Shoals:1: 3487 daAuts
    D:11: 3374 daAuts
Vaults:3: 3258 daAuts
Shoals:3: 3127 daAuts
Vaults:1: 3017 daAuts
  Lair:1: 2893 daAuts
